 Dungeon Crawl Stone Soup version 0.27.1-3-gb3d3a73c9e (webtiles) character file.

Game seed: 1432217225214196419

1690 Crownlay the Destroyer (level 8, -3/57 HPs)
             Began as a Red Draconian Conjurer on Oct 21, 2021.
             Was a Priest of Vehumet.
             Slain by a manticore (7 damage)
             ... on level 6 of the Dungeon.
             The game lasted 00:13:34 (7156 turns).

Crownlay the Destroyer (Red Draconian Conjurer)     Turns: 7156, Time: 00:13:34

Health: -3/57      AC:  9    Str:  9    XL:     8   Next: 72%
Magic:  7/15       EV: 12    Int: 21    God:    Vehumet [***...]
Gold:   258        SH:  5    Dex: 10    Spells: 10/17 levels left

rFire    + . .     SeeInvis .   g - +0 short sword
rCold    . . .     Faith    +   q - +0 buckler
rNeg     . . .     Spirit   .   (armour unavailable)
rPois    .         Reflect  .   s - +2 hat
rElec    .         Harm     .   (no cloak)
rCorr    .         Rampage  .   m - +0 pair of gloves
Will     +....                  (no boots)
Stlth    ++........             o - amulet of faith
HPRegen  0.19/turn              e - ring of willpower
MPRegen  0.14/turn              (no ring)

@: no status effects
A: breathe fire, AC +6, unfitting armour, fire resistance 1, cold-blooded
a: Breathe Fire, Renounce Religion


You were on level 6 of the Dungeon.
You worshipped Vehumet.
Vehumet was most pleased with you.
You visited 1 branch of the dungeon, and saw 6 of its levels.
You also visited: Sewer.

You collected 258 gold pieces.

Inventory:

Hand Weapons
 g - a +0 short sword (weapon)
Missiles
 f - 13 poisoned darts
Armour
 m - a +0 pair of gloves (worn)
 q - a +0 buckler (worn)
 s - a +2 hat (worn)
Jewellery
 e - a ring of willpower (left hand)
 o - an amulet of faith (around neck)
Wands
 l - a wand of iceblast (9)
Scrolls
 a - 2 scrolls of noise
 h - a scroll of torment
 i - 3 scrolls of enchant armour
 p - 2 scrolls of amnesia
 r - 3 scrolls of teleportation {unknown}
 u - 5 scrolls of blinking
 y - a scroll of fear {unknown}
 A - 4 scrolls of fog {unknown}
 C - a scroll of enchant weapon {unknown}
Potions
 b - a potion of mutation {unknown}
 c - 2 potions of invisibility {unknown}
 d - 2 potions of flight {unknown}
 j - a potion of degeneration {unknown}
 k - 3 potions of curing {unknown}
 n - a potion of ambrosia {unknown}
 t - 2 potions of haste {unknown}
 w - a potion of heal wounds {unknown}
 x - 3 potions of might {unknown}
 z - a potion of experience {unknown}
 B - a potion of magic {unknown}


   Skills:
 - Level 1.7 Dodging
 - Level 1.7 Stealth
 - Level 5.7 Shields
 + Level 5.2 Spellcasting
 * Level 8.8 Conjurations


You had 10 spell levels left.
You knew the following spells:

 Your Spells              Type           Power      Damage    Failure   Level
a - Magic Dart            Conj           100%       1d8       1%          1
b - Searing Ray           Conj           84%        3d6       1%          2
c - Iskenderun's Mystic   Conj/Tloc      24%        2d7       4%          4

Your spell library contained the following spells:

 Spells                   Type           Power      Damage    Failure   Level
 Hailstorm                Conj/Ice       24%        3d7       4%          4
 Dazzling Flash           Conj/Hex       48%        N/A       1%          3
 Fulminant Prism          Conj/Hex       12%        3d9       4%          4
 Olgreb's Toxic Radiance  Pois           5%         N/A       26%         4
 Ozocubu's Refrigeration  Ice            2%         4d5       100%        7
 Ignition                 Fire           2%         3d3       100%        8


Dungeon Overview and Level Annotations

Branches:
Dungeon (6/15)              Sewer (visited)
 Temple: D:4-7

Altars:
Makhleb
Trog
Vehumet
Wu Jian
The Shining One


Innate Abilities, Weirdness & Mutations

You can breathe blasts of fire.
Your fiery red scales are hard. (AC +6)
You cannot fit into any form of body armour.
Your flesh is heat resistant. (rF+)
You are cold-blooded and may be slowed by cold attacks.


Message History

Confirm with . or Enter, or press ? or * to list all spells.
You can't see any susceptible monsters within range! (Use Z to cast anyway.)
Casting: Searing Ray (safe; 1% risk of failure)
Confirm with . or Enter, or press ? or * to list all spells.
Aiming: Searing Ray (safe; 1% risk of failure)
Press: ? - help, Shift-Dir - straight line, f - manticore
Aim: a manticore (89% to hit)
The searing ray misses the manticore. (Press . to maintain the ray.)
The manticore bites you! The manticore claws you. The manticore claws you!
The searing ray hits the manticore!
The manticore is moderately wounded.
The manticore bites you!
The manticore claws you but does no damage.
The manticore claws you.
* * * LOW HITPOINT WARNING * * *
The searing ray hits the manticore.
The manticore is moderately wounded.
You block the manticore's attack. The manticore claws you.
* * * LOW HITPOINT WARNING * * *
You block the manticore's attack.
The searing ray misses the manticore.
You finish channeling your searing ray.
You block the manticore's attack.
The manticore claws you but does no damage. x2
Casting: Searing Ray (safe; 1% risk of failure)
Confirm with . or Enter, or press ? or * to list all spells.
Aiming: Searing Ray (safe; 1% risk of failure)
Press: ? - help, Shift-Dir - straight line, f/p - manticore
Aim: a manticore (moderately wounded, 89% to hit)
The searing ray hits the manticore.
The manticore is heavily wounded. (Press . to maintain the ray.)
The manticore barely misses you. x2; The manticore claws you.
* * * LOW HITPOINT WARNING * * *
The searing ray hits the manticore!
The manticore is severely wounded.
The manticore bites you!
* * * LOW HITPOINT WARNING * * *
The manticore misses you. The manticore claws you!
You die...

......._.##..........
.....#...............
....###.............#
.....##.............####
......#......#..........
.............#..........
.......).......#.......
...............#.H.###..
.).........#....@#......
...........##...##......
...........###.###......
........###.##.##.###...
.........###.#.#.###....
.######...####.####.....
........⌠.........
#..####.####.....


You could see a manticore.

Vanquished Creatures
  An orc warrior (D:6)
  A black bear (D:6)
  3 ogres
  A centaur (D:5)
  3 bullfrogs
  3 scorpions
  4 wights (D:6)
  A bullfrog zombie (D:4)
  An orc priest (D:4)
  4 hounds
  An iguana (D:5)
  3 orc wizards
  A howler monkey zombie (D:5)
  4 gnolls (D:4)
  12 adders
  3 river rats
  A shadow imp (D:3)
  3 white imps
  2 adder skeletons (D:4)
  2 worms
  4 dart slugs
  16 orcs
  16 ball pythons
  9 endoplasms
  2 giant cockroaches
  5 goblins
  7 hobgoblins
  8 kobolds
  2 quokkas
  4 bats
  4 frilled lizards
  29 rats
160 creatures vanquished.

Notes
Turn   | Place    | Note
-------+----------+-------------------------------------------
     0 | D:1      | Crownlay the Draconian Conjurer began the quest for the
                  | Orb.
     0 | D:1      | Reached XP level 1. HP: 14/14 MP: 3/3
    39 | D:1      | You fall into a shaft and drop 1 floor!
   323 | D:1      | Reached XP level 2. HP: 8/20 MP: 1/5
  1072 | D:2      | Found a faded altar of an unknown god.
  1207 | D:2      | Found a radiant altar of Vehumet.
  1214 | D:2      | Became a worshipper of Vehumet
  1577 | D:2      | Reached XP level 3. HP: 19/26 MP: 1/6
  1819 | D:3      | Reached skill level 5 in Conjurations
  2093 | D:3      | Reached XP level 4. HP: 33/33 MP: 5/8
  2156 | D:3      | Learned a level 2 spell: Searing Ray
  2405 | D:4      | Noticed an ogre
  2422 | D:3      | Reached * piety under Vehumet
  2422 | D:3      | Offered knowledge of Freeze by Vehumet.
  2765 | D:3      | HP: 1/33 [something (2)]
  3064 | D:3      | Reached XP level 5. HP: 38/38 MP: 3/9
  3200 | D:4      | Reached skill level 6 in Conjurations
  3408 | D:4      | Noticed an ogre
  3428 | D:4      | Killed an ogre
  3428 | D:4      | Killed an ogre
  3429 | D:4      | Reached skill level 7 in Conjurations
  3429 | D:4      | Reached XP level 6. HP: 19/45 MP: 4/12
  4170 | D:4      | Found a burning altar of Makhleb.
  4179 | D:4      | Reached skill level 1 in Shields
  4179 | D:4      | Your scales start taking on a fiery red colour.
  4179 | D:4      | Reached XP level 7. HP: 50/50 MP: 6/13
  4179 | D:4      | Gained mutation: Your flesh is heat resistant. (rF+) [Red
                  | Draconian growth]
  4449 | D:5      | Entered Level 5 of the Dungeon
  4933 | D:5      | Reached ** piety under Vehumet
  5075 | D:5      | Offered knowledge of Static Discharge by Vehumet.
  5161 | D:5      | Reached skill level 5 in Shields
  5494 | D:5      | Reached XP level 8. HP: 47/57 MP: 10/14
  5598 | D:5      | Found an ornate altar of the Wu Jian Council.
  5598 | D:5      | Found a glowing golden altar of the Shining One.
  5759 | D:6      | Found a glowing drain.
  5886 | Sewer    | Entered a sewer
  6031 | Sewer    | Offered knowledge of Mephitic Cloud by Vehumet.
  6195 | Sewer    | Reached *** piety under Vehumet
  6431 | Sewer    | Offered knowledge of Hailstorm by Vehumet.
  6668 | Sewer    | Learned a level 4 spell: Iskenderun's Mystic Blast
  6705 | D:6      | Reached skill level 8 in Conjurations
  6897 | D:6      | Reached skill level 5 in Spellcasting
  7037 | D:6      | Found a bloodstained altar of Trog.
  7142 | D:6      | Noticed a manticore
  7156 | D:6      | Slain by a manticore

Illustrated notes

Levels and vault maps discovered:
D:1:      dpeg_arrival_solitude, layout_rooms, patterned_corridor
D:2:      layout_basic, basic_altar,
          dreamdust_ecumenical_altar_hidden_monk_grotto,
          minmay_fractal_squares_gapless_5
D:3:      layout_rooms
D:4:      layout_loops_cross, bloody_makhleb
D:5:      layout_cave_pools, gammafunk_temple_overflow_wave,
          serial_column_ruins, column_ruins_open_small,
          column_ruins_corridor_straight, column_ruins_columns_straight,
          column_ruins_grid_1, column_ruins_open_medium,
          column_ruins_columns_straight, column_ruins_grid_1
D:6:      minmay_chambers_of_fours, layout_basic, mainiacjoe_overflow_alcove_2,
          general_overflow_altar, trog_three_pillars_becter,
          lemuel_temple_firewalk_b, portal_sewer_entry_a, serial_shops,
          kennysheep_little_box, kb_rosetta

Skill      XL: |  1  2  3  4  5  6  7  8 |
---------------+-------------------------+-----
Conjurations   | 5 7 8 |  8.8
Spellcasting   | 3 4 5 |  5.2
Shields        | 1 5 |  5.7
Dodging        | |  1.7
Stealth        | |  1.7

Action                   |  1- 3 |  4- 6 |  7- 9 || total
-------------------------+-------+-------+-------++-------
Melee: Unarmed           |    21 |       |       ||    21
       Tailslap          |     4 |     1 |     2 ||     7
       Short sword       |    10 |    15 |    23 ||    48
 Cast: Magic Dart        |    72 |    58 |   113 ||   243
       Searing Ray       |       |    16 |    43 ||    59
 Abil: Breathe Fire      |       |       |     1 ||     1
  Use: Scroll            |       |       |     5 ||     5
Armor: Skin              |    12 |    30 |    42 ||    84
Dodge: Dodged            |    29 |    23 |    57 ||   109
Block: Buckler           |       |       |    29 ||    29
